 Dungeon Crawl Stone Soup version 0.21-a0-581-gb7d493ddfc (webtiles) character file.

176883 MrRokkomies the Warrior (level 17, -3/142 HPs)
             Began as a Barachi Summoner on Dec 13, 2017.
             Was the Champion of Cheibriados.
             Slain by a demonic crawler (7 damage)
             ... on level 2 of the Spider Nest on Dec 19, 2017.
             The game lasted 02:03:36 (31984 turns).

MrRokkomies the Warrior (Barachi Summoner)         Turns: 31984, Time: 02:03:36

Health: -3/142     AC: 13    Str: 28    XL:     17   Next: 84%
Magic:  24/24      EV: 29    Int: 35    God:    Cheibriados [******]
Gold:   1815       SH:  9    Dex: 31    Spells: 2/30 levels left

rFire    + . .     SeeInvis +   a - +9 demon trident (vamp)
rCold    + + .     Gourm    .   k - +2 buckler {rN+}
rNeg     + . .     Faith    +   R - +0 leather armour "Buxisepu" {rPois rF+ rCorr} (curse)
rPois    +         Spirit   .   j - +2 hat {MR+}
rElec    .         Reflect  .   F - +2 cloak {rC+}
rCorr    +         Harm     .   q - +2 pair of gloves
MR       ++...                  z - +1 pair of boots
Stlth    +++.......             l - amulet of faith
HPRegen  0.33/turn              v - ring of see invisible
MPRegen  0.19/turn              Q - ring of protection from cold

@: very slow
A: +LOS, swims, agile 1, low mp 1, slowness 1, strong 1, strong legs 2
}: 1/15 runes: decaying
a: Hop, Bend Time, Temporal Distortion, Slouch, Step From Time, Renounce
Religion


You were on level 2 of the Spider Nest.
You worshipped Cheibriados.
Cheibriados was exalted by your worship.
You were not hungry.

You visited 6 branches of the dungeon, and saw 30 of its levels.
You also visited: Ossuary and Ice Cave.

You collected 3105 gold pieces.
You spent 1290 gold pieces at shops.

Inventory:

Hand Weapons
 a - a +9 vampiric demon trident (weapon)
Missiles
 n - 22 tomahawks (quivered)
 p - 2 throwing nets
Armour
 j - a +2 hat of magic resistance (worn)
 k - a +2 buckler of positive energy (worn)
 q - a +2 pair of gloves (worn)
 z - a +1 pair of boots (worn)
 F - a +2 cloak of cold resistance (worn)
 R - the cursed +0 leather armour "Buxisepu" (worn) {rPois rF+ rCorr}
   (You found it on level 12 of the Dungeon)

   It protects you from fire.
   It protects you from poison.
   It protects you from acid and corrosion.
   It has a curse placed upon it.
Jewellery
 b - the amulet "Wyrum" {Reflect *Drain rN+ Dex+3 SH+4, unknown}
   (You found it on level 1 of the Spider Nest)

   [amulet of reflection]

   It shields you and reflects attacks.
   It affects your dexterity (+3).
   It protects you from negative energy.
   It causes draining when unequipped.
   It affects your SH (+4).
 g - an uncursed ring of fire
 l - an amulet of faith (around neck)
 v - a ring of see invisible (left hand)
 J - an uncursed amulet of regeneration
 K - an uncursed ring of positive energy
 Q - a ring of protection from cold (right hand)
 U - an uncursed ring of resist corrosion
Wands
 m - a wand of iceblast (23)
 t - a wand of flame (85)
 y - a wand of scattershot (8)
 M - a wand of enslavement (17)
 T - a wand of acid (23)
 V - a wand of polymorph (16)
Scrolls
 d - a scroll of enchant armour
 e - 5 scrolls of fear
 f - 11 scrolls of teleportation
 h - 9 scrolls of fog
 i - 5 scrolls of immolation
 r - a scroll of blinking
 w - 3 scrolls of identify
 C - 2 scrolls of magic mapping
 N - a scroll of silence
 O - 7 scrolls of remove curse
Potions
 s - 7 potions of flight
 u - 4 potions of agility
 x - a potion of brilliance
 A - 2 potions of cancellation
 H - 5 potions of magic
 S - 3 potions of heal wounds
 W - 4 potions of curing
 X - 2 potions of might
 Z - a potion of invisibility
Comestibles
 c - 17 rations
 B - 5 rations
 D - 4 rations
 E - 4 rations


   Skills:
 - Level 15.0 Fighting
 - Level 14.1 Polearms
 * Level 14.2 Dodging
 - Level 1.7 Stealth
 - Level 5.1 Shields
 - Level 7.0 Spellcasting
 - Level 14.0 Summonings
 - Level 4.0 Translocations
 - Level 4.1 Ice Magic
 - Level 6.5 Air Magic
 * Level 12.5 Invocations
 - Level 4.2 Evocations


You had 2 spell levels left.
You knew the following spells:

 Your Spells              Type           Power        Failure   Level  Hunger
a - Summon Ice Beast      Ice/Summ       ######..     1%          4    #......
b - Call Imp              Summ           #######.     1%          2    None
c - Call Canine Familiar  Summ           #######.     1%          3    None
d - Summon Lightning Spi  Summ/Air       ######..     1%          4    #......
e - Summon Hydra          Summ           #######...   10%         7    #######
f - Summon Forest         Summ/Tloc      ######....   2%          5    ####...
g - Ozocubu's Armour      Chrm/Ice       ####....     4%          3    None


Dungeon Overview and Level Annotations

Branches:
Dungeon (15/15)            Temple (1/1) D:4            Lair (6/6) D:10
  Swamp (4/4) Lair:3       Spider (2/4) Lair:3        Slime (0/5) Lair:5
    Orc (2/2) D:9             Elf (0/3) Orc:2        Vaults (0/5) D:14
 Depths (0/5) D:15

Altars:
Ashenzari
Cheibriados
Dithmenos
Elyvilon
Fedhas
Gozag
Hepliaklqana
Kikubaaqudgha
Makhleb
Nemelex Xobeh
Okawaru
Qazlal
Sif Muna
Uskayaw
Vehumet
Wu Jian
Xom
Yredelemnul
Zin
The Shining One

Shops:
D:4 *   D:5 }   Orc:2 :!(

Annotations:
D:15 exclusions: Roxanne and orange crystal statue, Roxanne
Lair:5 exclusion: 4 oklob plants


Innate Abilities, Weirdness & Mutations

Shadows flee at your approach. (+LOS)
You can swim through water.
You cover ground slowly.
You can hop long distances.
You are agile. (Dex +2)
Your magical capacity is low. (-10% MP)
Your muscles are strong. (Str +2)


Message History

The demonic crawler completely misses you.
The demonic crawler hits you. You block the demonic crawler's attack.
The demonic crawler hits you but does no damage.
You block the demonic crawler's attack. The demonic crawler hits you.
* * * LOW HITPOINT WARNING * * *
You block the wolf spider's attack. The wolf spider barely misses you.
The orb spider weaves a glowing orb of energy.
An orb of destruction comes into view.
You puncture the wolf spider!
You feel better.
The wolf spider is severely wounded.
The demonic crawler completely misses you. x2
You block the demonic crawler's attack. The demonic crawler misses you.
The demonic crawler closely misses you. x2; The wolf spider barely misses you.
You block the wolf spider's attack.
You barely miss the wolf spider.
The wolf spider is severely wounded.
The orb of destruction hits you!
* * * LOW HITPOINT WARNING * * *
The demonic crawler hits you!
You die...

##^# #....#.....^##..^...^.
≈≈#≈########...#≈#..#...<..
#≈≈..#.#........#...†#...#^.
##≈....##.......#....#^#.#..
#(.^>###.....###..#####..
####.........#≈.....# #^.
......s.^...##......#....#
..:..#§§..#≈......##...##
#^.. #.s@.#.....#.#s... .
#.. #.s#s#.....####..##. ≈≈
#..#≈#.....# .^.. .. ≈
#...≈# ...#.....#.. ##..≈#
..#... #.. #≈≈#. #.. ####. .
..


You could see 2 demonic crawlers, a wolf spider and an orb spider.

Vanquished Creatures
  Kirke (Lair:4)
  A thorn hunter (Swamp:3)
  2 azure jellies (Swamp:4)
  A frost giant (D:15)
  An orc warlord (Orc:1)
  A ghost moth (Spider:1)
  2 entropy weavers (Spider:1)
  Nessos (Lair:5)
  An ettin (Orc:2)
  Josephine (Lair:5)
  2 ice dragons (Swamp:4)
  3 ogre magi
  A ghost crab (Swamp:4)
  8 hydras
  A death knight (D:14)
  A catoblepas (D:15)
  11 two-headed ogres
  6 centaur warriors
  A queen ant (Spider:1)
  13 alligators
  Urug (Lair:5)
  The ghost of mrks the Grappler, a novice TrMo of Ru (D:8)
  A fire crab (Lair:4)
  A skeletal warrior (D:14)
  A spriggan druid (Swamp:3)
  2 unseen horrors (D:15)
  6 swamp dragons
  2 deep trolls (Orc:2)
  4 shambling mangroves
  2 phantasmal warriors (D:14)
  3 orc knights
  An ugly thing (D:13)
  8 wolf spiders
  6 orb spiders
  5 cyclopes
  2 deep elf magi (D:15)
  An orc sorcerer (Orc:1)
  An elephant (Lair:5)
  4 black mambas
  A torpor snail (Spider:1)
  A rime drake (shapeshifter) (D:13)
  19 spiny frogs
  A yaktaur (D:15)
  2 kobold demonologists (D:13)
  A gargoyle (D:13)
  6 demonic crawlers
  4 komodo dragons
  6 freezing wraiths
  6 ice devils (IceCv)
  6 polar bears
  10 jumping spiders
  11 trolls
  3 tyrant leeches
  19 hornets
  15 slime creatures (Swamp:3)
  A dream sheep (Lair:6)
  8 bog bodies
  11 blink frogs
  3 hippogriffs
  A wyvern (Lair:5)
  3 shadows
  8 tarantellas
  7 wraiths
  21 spriggans
  47 yaks
  17 redbacks
  2 vampires (D:15)
  2 basilisks
  25 vampire mosquitoes
  A hungry ghost (D:13)
  5 swamp worm simulacra (Swamp:4)
  An acid dragon (D:12)
  15 swamp worms
  17 insubstantial wisps
  3 wargs
  9 soldier ants
  15 hydra simulacra (Swamp:4)
  6 porcupines
  9 water moccasins
  7 swamp drakes
  4 ice beasts
  18 orc warriors
  2 sky beasts
  3 black bears
  2 phantoms
  2 eyes of draining
  26 wolves
  5 boggarts (Lair:6)
  19 ogres
  15 crocodiles
  21 centaurs
  2 elf zombies (Ossuary)
  4 big kobolds
  A gnoll sergeant (D:11)
  17 bullfrogs
  4 scorpions
  A wyvern skeleton (D:14)
  12 wights
  3 killer bees (D:8)
  2 howler monkeys
  2 crimson imps
  6 centaur zombies
  A jelly (D:14)
  A quasit (D:12)
  9 hounds
  9 orc priests
  20 orc wizards
  A bullfrog skeleton (D:8)
  3 human zombies (Ossuary)
  8 centaur skeletons
  2 hell rats (Lair:4)
  3 iguanas
  38 worker ants
  3 hound skeletons
  A worker ant zombie (D:8)
  A howler monkey zombie (D:7)
  2 mummies (Ossuary)
  8 adders
  3 gnolls (D:11)
  11 river rats (Lair:4)
  5 shadow imps
  3 white imps (IceCv)
  3 swamp drake simulacra (Swamp:4)
  An ufetubus (IceCv)
  2 oozes
  An adder skeleton (D:5)
  An adder zombie (D:5)
  3 worms
  A dart slug (D:1)
  3 leopard geckos
  55 orcs
  A ball python (D:8)
  5 giant cockroaches
  6 goblins
  10 hobgoblins
  6 jackals
  23 kobolds
  8 quokkas
  6 bats
  4 frilled lizards
  A quokka skeleton (D:5)
  6 rats
915 creatures vanquished.

Vanquished Creatures (collateral kills)
  Nikola (Swamp:4)
  Gastronok (D:11)
  Louise (D:14)
  A hydra (Lair:5)
  3 two-headed ogres
  A swamp dragon (Lair:3)
  2 spiny frogs (Lair:3)
  3 ice devils (IceCv)
  2 komodo dragons
  2 hippogriffs
  2 hogs (Lair:4)
  12 yaks
  A basilisk (D:10)
  Menkaure (D:4)
  6 ice beasts
  A sky beast (D:10)
  9 ogres
  8 wolves
  An elf zombie (Ossuary)
  A wyvern skeleton (D:6)
  9 wights
  2 centaur zombies
  2 human zombies (Ossuary)
  A jelly (D:10)
  A hound (D:6)
  2 orc priests
  An orc wizard (D:8)
  A worker ant (D:6)
  A mummy (Ossuary)
  5 adders
  A white imp (IceCv)
  An ufetubus (IceCv)
  An ooze (D:7)
  A worm (D:3)
  A dart slug (D:2)
  2 leopard geckos
  11 orcs
  A bat (D:2)
  3 goblins
  4 hobgoblins
  A jackal (D:1)
  A ball python (D:1)
  2 kobolds
  A fungus (Lair:2)
115 creatures vanquished.

Vanquished Creatures (others)
  A reaper (IceCv)
  A hippogriff (Lair:3)
  A spriggan (Swamp:3)
  3 humans
  2 swamp worms (Swamp:4)
  A porcupine (Lair:4)
  A water moccasin (Lair:4)
  5 white imps (IceCv)
  7 ufetubi (IceCv)
  3 bushes (D:10)
  23 fungi
  17 plants
65 creatures vanquished.

Grand Total: 1095 creatures vanquished

Notes
Turn   | Place    | Note
-------+----------+-------------------------------------------
     0 | D:1      | MrRokkomies the Barachi Summoner began the quest for the Orb.
     0 | D:1      | Reached XP level 1. HP: 13/13 MP: 3/3
   198 | D:1      | You fall through a shaft!
   204 | D:2      | Reached skill level 5 in Summonings
   238 | D:2      | Reached skill level 1 in Fighting
   280 | D:2      | Reached XP level 2. HP: 14/21 MP: 5/5
   541 | D:2      | Found a radiant altar of Vehumet.
   559 | D:2      | Learned a level 2 spell: Call Imp
   578 | D:2      | Found an ancient bone altar of Kikubaaqudgha.
   578 | D:2      | Found a blossoming altar of Fedhas.
   697 | D:1      | Reached skill level 2 in Fighting
   697 | D:1      | Reached XP level 3. HP: 27/27 MP: 6/6
  1890 | D:2      | Learned a level 3 spell: Call Canine Familiar
  2042 | D:2      | Reached XP level 4. HP: 32/34 MP: 3/7
  2111 | D:2      | Found an iron altar of Okawaru.
  2247 | D:3      | Reached skill level 3 in Fighting
  2297 | D:3      | Reached skill level 1 in Polearms
  2388 | D:3      | Reached XP level 5. HP: 39/41 MP: 8/8
  2730 | D:3      | Found a glowing silver altar of Zin.
  3224 | D:4      | Noticed Menkaure
  3434 | D:4      | Found Upuewanali's Assorted Antiques.
  3437 | D:4      | Noticed an ogre
  3443 | D:4      | Reached XP level 6. HP: 36/47 MP: 5/9
  3562 | D:4      | Killed Menkaure
  3608 | D:4      | Found a hide-covered altar of Uskayaw.
  3683 | D:4      | Found a basalt altar of Yredelemnul.
  3683 | D:4      | Found a glowing golden altar of the Shining One.
  3687 | D:4      | Noticed a profane servitor
  3734 | D:4      | Noticed an angel
  3810 | D:4      | Found a staircase to the Ecumenical Temple.
  3819 | Temple   | Entered the Ecumenical Temple
  3844 | Temple   | Became a worshipper of Cheibriados the Contemplative
  3961 | D:5      | Entered Level 5 of the Dungeon
  3961 | D:5      | Noticed a phantom
  4043 | D:5      | Found Ubauc's Gadget Shoppe.
  4404 | D:5      | Reached XP level 7. HP: 48/52 MP: 6/10
  4428 | D:5      | Learned a level 4 spell: Summon Lightning Spire
  4662 | D:5      | Reached skill level 1 in Air Magic
  5026 | D:6      | Reached * piety under Cheibriados
  5047 | D:6      | Found a sand-covered staircase.
  5055 | Ossuary  | Entered an ossuary
  5109 | Ossuary  | Reached skill level 5 in Polearms
  5248 | Ossuary  | Reached XP level 8. HP: 39/58 MP: 11/11
  5957 | D:6      | Reached skill level 5 in Air Magic
  5987 | D:6      | Reached ** piety under Cheibriados
  6180 | D:6      | Found an ornate altar of the Wu Jian Council.
  6210 | D:6      | Found a white marble altar of Elyvilon.
  6566 | D:8      | Found a shimmering altar of Xom.
  6728 | D:7      | Reached XP level 9. HP: 47/63 MP: 8/12
  6733 | D:7      | Reached *** piety under Cheibriados
  6973 | D:7      | Found a hazy altar of Hepliaklqana.
  7579 | D:7      | Reached skill level 1 in Invocations
  7917 | D:8      | Reached **** piety under Cheibriados
  8294 | D:8      | Noticed mrks's ghost (novice TrMo)
  8322 | D:8      | Killed mrks's ghost
  8483 | D:8      | Reached XP level 10. HP: 70/70 MP: 13/13
  8636 | D:8      | Got a transparent cloak
  8647 | D:8      | Identified the cursed +0 cloak of Infinity {+Blink Dex+4} (You found it on level 8 of the Dungeon)
  8725 | D:8      | Reached ***** piety under Cheibriados
  8866 | D:8      | Found a burning altar of Makhleb.
  9169 | D:8      | Reached skill level 1 in Evocations
  9206 | D:9      | Paralysed by a hornet for 3 turns
  9209 | D:9      | Reached skill level 5 in Invocations
  9710 | D:9      | Found a staircase to the Orcish Mines.
  9714 | D:9      | Noticed a two-headed ogre
  9719 | D:9      | Killed a two-headed ogre
  9778 | D:9      | Found a shattered altar of Ashenzari.
 10117 | D:9      | Reached skill level 5 in Dodging
 10180 | D:9      | Reached skill level 10 in Polearms
 10499 | D:10     | Entered Level 10 of the Dungeon
 10505 | D:10     | Learned a level 4 spell: Summon Ice Beast
 10541 | D:10     | Reached skill level 1 in Ice Magic
 10961 | D:10     | Reached XP level 11. HP: 74/75 MP: 10/15
 11026 | D:10     | Noticed a two-headed ogre
 11037 | D:10     | Killed a two-headed ogre
 11104 | D:10     | Reached ****** piety under Cheibriados
 11127 | D:10     | Found a staircase to the Lair.
 11236 | D:10     | Reached skill level 4 in Fighting
 11944 | Lair:1   | Entered Level 1 of the Lair of Beasts
 12611 | Lair:1   | Reached skill level 5 in Fighting
 12973 | Lair:2   | Reached skill level 6 in Fighting
 13007 | Lair:1   | HP: 3/81 [wolf (5)]
 13488 | Lair:2   | Reached skill level 7 in Fighting
 14187 | Lair:2   | Reached skill level 8 in Fighting
 14187 | Lair:2   | Reached XP level 12. HP: 57/92 MP: 4/16
 14725 | Lair:3   | Reached skill level 9 in Fighting
 14737 | Lair:3   | Found a frozen archway.
 14831 | IceCv    | Entered an ice cave
 15025 | IceCv    | Killed a reaper
 16464 | IceCv    | Reached skill level 10 in Fighting
 16557 | IceCv    | Identified a scroll of acquirement
 16837 | Lair:3   | Found a staircase to the Swamp.
 16883 | Lair:3   | Gained mutation: You can hop long distances. [Barachi growth]
 16883 | Lair:3   | Reached XP level 13. HP: 93/103 MP: 16/19
 16994 | Lair:3   | Found a hole to the Spider Nest.
 17319 | Lair:4   | Reached skill level 10 in Dodging
 17347 | Lair:4   | Noticed Kirke
 17359 | Lair:4   | Killed Kirke
 17514 | Lair:4   | Reached XP level 14. HP: 110/110 MP: 21/21
 18357 | Lair:5   | Noticed Josephine
 18367 | Lair:5   | Killed Josephine
 18435 | Lair:5   | Noticed Nessos
 18454 | Lair:5   | Killed Nessos
 18521 | Lair:5   | Found a staircase to the Slime Pits.
 18560 | Lair:5   | Noticed Urug
 18579 | Lair:5   | Killed Urug
 18579 | Lair:5   | Reached skill level 5 in Shields
 18579 | Lair:5   | Reached skill level 10 in Invocations
 19004 | Lair:6   | Entered Level 6 of the Lair of Beasts
 19328 | Lair:6   | Reached skill level 11 in Fighting
 19347 | Lair:6   | Reached skill level 5 in Spellcasting
 20325 | Orc:1    | Entered Level 1 of the Orcish Mines
 20329 | Orc:1    | Reached skill level 12 in Fighting
 20363 | Orc:1    | Noticed an orc warlord
 20381 | Orc:1    | Killed an orc warlord
 20900 | Orc:2    | Entered Level 2 of the Orcish Mines
 21001 | Orc:2    | Reached XP level 15. HP: 122/122 MP: 22/22
 21038 | Orc:2    | Reached skill level 13 in Fighting
 21046 | Orc:2    | Found Goronn's Distillery.
 21060 | Orc:2    | Found Ymulov's Antique Weapon Shoppe.
 21132 | Orc:2    | Found Jisenon's Book Boutique.
 21155 | Orc:2    | Found Tuzivafi's Book Emporium.
 21200 | Orc:2    | Found a staircase to the Elven Halls.
 21569 | Orc:2    | Bought a Fen Folio for 1050 gold pieces
 21577 | Orc:2    | Learned a level 7 spell: Summon Hydra
 21976 | D:11     | Noticed Gastronok
 21998 | D:11     | Killed Gastronok
 22539 | D:12     | Got a scorched leather armour
 22550 | D:12     | Identified the cursed +0 leather armour "Buxisepu" {rPois rF+ rCorr} (You found it on level 12 of the Dungeon)
 23136 | D:13     | Learned a level 5 spell: Summon Forest
 23357 | D:13     | Reached skill level 10 in Summonings
 23453 | D:13     | Found a basalt altar of Yredelemnul.
 24163 | D:14     | Noticed Louise
 24183 | D:14     | Killed Louise
 24335 | D:14     | Gained mutation: Your muscles are strong. (Str +2) [potion of mutation]
 24335 | D:14     | Gained mutation: You evolve. [potion of mutation]
 24335 | D:14     | Gained mutation: You are agile. (Dex +2) [potion of mutation]
 24531 | D:14     | Found a gate to the Vaults.
 24720 | D:14     | Gained mutation: Your natural rate of healing is unusually fast. [evolution]
 24999 | D:14     | Got a warped large shield
 25000 | D:14     | Identified the +3 large shield of Restlessness {Int+4} (You took it off Louise on level 14 of the Dungeon)
 25021 | D:15     | Entered Level 15 of the Dungeon
 25050 | D:15     | Reached XP level 16. HP: 132/132 MP: 26/26
 25115 | D:15     | Reached skill level 1 in Translocations
 25236 | D:15     | Found a staircase to the Depths.
 25306 | D:15     | Noticed Roxanne
 25351 | D:15     | Lost mutation: Your natural rate of healing is unusually fast. [potion of mutation]
 25351 | D:15     | Lost mutation: You are agile. (Dex +2) [potion of mutation]
 25351 | D:15     | Lost mutation: You evolve. [potion of mutation]
 25351 | D:15     | Gained mutation: You are frail. (-10% HP) [potion of mutation]
 25351 | D:15     | Gained mutation: Your body sometimes deteriorates upon taking damage. [potion of mutation]
 25351 | D:15     | Gained mutation: Your muscles are very strong. (Str +4) [potion of mutation]
 25559 | Orc:2    | Bought a potion of mutation for 120 gold pieces
 25559 | Orc:2    | Bought a potion of mutation for 120 gold pieces
 25559 | Orc:2    | Lost mutation: You are frail. (-10% HP) [potion of mutation]
 25559 | Orc:2    | Lost mutation: Your body sometimes deteriorates upon taking damage. [potion of mutation]
 25559 | Orc:2    | Lost mutation: Your muscles are very strong. (Str +4) [potion of mutation]
 25559 | Orc:2    | Lost mutation: Your muscles are strong. (Str +2) [potion of mutation]
 25559 | Orc:2    | Gained mutation: You have a pair of small horns on your head. [potion of mutation]
 25559 | Orc:2    | Gained mutation: You have a somewhat thin skeletal structure. (Dex +2, Stealth) [potion of mutation]
 25560 | Orc:2    | Lost mutation: You have a pair of small horns on your head. [potion of mutation]
 25560 | Orc:2    | Lost mutation: You have a somewhat thin skeletal structure. (Dex +2, Stealth) [potion of mutation]
 25560 | Orc:2    | Gained mutation: You are agile. (Dex +2) [potion of mutation]
 25560 | Orc:2    | Gained mutation: Your magical capacity is low. (-10% MP) [potion of mutation]
 25560 | Orc:2    | Gained mutation: Your muscles are strong. (Str +2) [potion of mutation]
 25739 | Swamp:1  | Entered Level 1 of the Swamp
 25972 | Swamp:1  | Reached skill level 14 in Fighting
 25983 | Swamp:1  | Upgraded the game from 0.21-a0-531-gacddea6133 to 0.21-a0-538-gd16b88afdd
 26710 | Swamp:2  | HP: 3/134 [swamp dragon (17)]
 27248 | Swamp:2  | Reached skill level 15 in Fighting
 27602 | Swamp:3  | Noticed a thorn hunter
 27617 | Swamp:3  | Killed a thorn hunter
 28225 | Swamp:3  | Reached XP level 17. HP: 142/142 MP: 24/24
 28245 | Swamp:3  | Learned a level 3 spell: Ozocubu's Armour
 28507 | Swamp:4  | Entered Level 4 of the Swamp
 29392 | Swamp:4  | Noticed Nikola
 29401 | Swamp:4  | Killed Nikola
 29744 | Swamp:4  | Got a decaying rune of Zot
 30119 | Spider:1 | Entered Level 1 of the Spider Nest
 30184 | Spider:1 | Upgraded the game from 0.21-a0-538-gd16b88afdd to 0.21-a0-581-gb7d493ddfc
 30377 | Spider:1 | Got a bound diamond amulet
 31984 | Spider:2 | HP: 4/142 [disintegration (43)]
 31984 | Spider:2 | Slain by a demonic crawler

Vault maps used:
D:1:      elethiomel_arrival_infinity_welcomes_careful_drivers
D:2:      grunt_temple_overflow_growth_and_decay, okawaru_ov_weapons_minmay,
          fiery_altar_vehumet
D:3:      corexii_shack_village, lemuel_coloured_pillars_altar,
          guppyfry_early_orc_mine
D:4:      grunt_temple_overflow_holy_war, eat_drink_and_be_merry_uskayaw,
          nicolae_overflow_hidden_temple, minmay_temple_entry_butterflies,
          first_bread, serial_shops, shop, uniq_menkaure
D:5:      kb_forest_paths, serial_shops, nicolae_shop_crystal,
          minmay_misc_feat_columns
D:6:      lemuel_doored_altar, enter_ossuary_5, elyvilon_altar_1
D:7:      kennysheep_mini, the_bakery, serial_bayou_pond_e
D:8:      marbit_many_paths, basic_altar
D:9:      ashenzari_altar_1, orc_0_dummy, minmay_fountain_box
D:10:     minmay_lair_entry_grove
D:11:     uniq_gastronok
D:12:     hangedman_decor_clover_reticule
D:13:     basic_altar, kennysheep_generic_room_7
D:14:     hangedman_vaults_entry_quadrant_bands, serial_co_window_serial,
          co_window_cross_1, co_window_cross_1, co_window_corner_a,
          co_window_corner_a, co_window_of_opportunity_a, co_window_paths_b,
          co_window_cross_1, co_window_of_opportunity_b,
          co_window_unsneaky_path_b, co_window_broadway_c, co_window_4corner_b,
          glass_columns_a, glass_columns_a, glass_columns_b, glass_columns_c,
          glass_columns_c, uniq_louise
D:15:     grunt_enter_depths_snipers, basic_altar, spider_trap, minivault_16,
          uniq_roxanne
Temple:   compressed_dpeg_triangle_lava_temple
Lair:3:   minmay_swamp_entry_reptiles, spider_nest_entry_funnel_web,
          portal_ice_cave_entry_ice_beasts, lemuel_old_faithful
Lair:4:   minivault_26, kennysheep_rathole, grunt_megastairs_2, uniq_kirke
Lair:5:   slime_dummy, minmay_lair_oklob_chamber, grunt_megastairs_5,
          lemuel_fruit_tree, uniq_nessos, uniq_josephine, uniq_urug
Lair:6:   minmay_lair_end_enchanted_forest
Swamp:1:  infiniplex_staircase_pool, swamp_pool4
Swamp:2:  evilmike_swamp_ruin_house_2
Swamp:3:  serial_swamp_ruin, evilmike_swamp_ruin_rubble_2,
          evilmike_swamp_ruin_house_1, swamp_pool1, nicolae_swamp_spriggan_camp
Swamp:4:  swamp_icy, uniq_nikola
Spider:1: spider_trap, minmay_another_anthill
Orc:2:    st_orc_open
Ossuary:  ossuary_minmay_four_chambers
IceCv:    ice_cave_small_demon

Skill      XL: |  1  2  3  4  5  6  7  8  9 10 11 12 13 14 15 16 17 |
---------------+----------------------------------------------------+-----
Summonings     | 5 6 7 12 14 | 14.0
Fighting       | 1 2 3 8 10 12 13 15 | 15.0
Polearms       | 1 2 3 5 7 9 10 12 13 14 | 14.1
Dodging        | 3 4 6 9 10 12 14 | 14.2
Air Magic      | 3 6 |  6.5
Invocations    | 4 6 8 9 10 12 | 12.5
Evocations     | 4 |  4.2
Ice Magic      | 2 4 |  4.1
Shields        | 3 5 |  5.1
Spellcasting   | 5 7 |  7.0
Translocations | 4 |  4.0
Stealth        | |  1.7

Action                   |  1- 3 |  4- 6 |  7- 9 | 10-12 | 13-15 | 16-18 || total
-------------------------+-------+-------+-------+-------+-------+-------++-------
Melee: Unarmed           |    38 |       |       |       |       |       ||    38
       Short sword       |   121 |    14 |       |       |       |       ||   135
       Spear             |       |   191 |       |       |       |       ||   191
       Trident           |       |    44 |   331 |       |       |       ||   375
       Halberd           |       |       |   101 |   394 |       |       ||   495
       Demon trident     |       |       |       |    40 |  1291 |  1151 ||  2482
 Fire: Hunting sling     |    11 |     4 |    13 |       |       |       ||    28
       Blowgun           |       |     6 |     4 |       |       |       ||    10
       Shortbow          |       |       |       |     6 |       |       ||     6
Throw: Tomahawk          |       |       |       |       |       |     1 ||     1
 Cast: Summon Small Mamm |    10 |       |       |       |       |       ||    10
       Call Imp          |     4 |     2 |       |       |       |       ||     6
       Call Canine Famil |     1 |    12 |    31 |    18 |       |       ||    62
       Summon Lightning  |       |       |     5 |    15 |     9 |       ||    29
       Summon Ice Beast  |       |       |       |    25 |    24 |     2 ||    51
       Summon Hydra      |       |       |       |       |       |     3 ||     3
       Ozocubu's Armour  |       |       |       |       |       |     2 ||     2
Invok: Slouch            |       |       |       |     8 |     2 |     8 ||    18
 Abil: Hop               |     1 |     1 |       |     3 |       |     3 ||     8
Evoke: Wand              |       |       |       |       |       |     3 ||     3
  Use: Potion            |     1 |       |       |    12 |     1 |     7 ||    21
       Scroll            |       |    10 |    12 |    15 |    13 |     5 ||    55
 Stab: Sleeping          |     3 |    12 |     5 |    12 |    12 |     5 ||    49
       Distracted        |       |       |     7 |    12 |    12 |     5 ||    36
       Confused          |       |       |       |       |       |     4 ||     4
  Eat: Chunk             |     5 |     7 |     5 |    12 |    15 |     8 ||    52
       Ration            |       |     1 |     1 |     1 |     1 |     2 ||     6
       Buggy jelly       |       |       |     1 |     1 |     1 |       ||     3
       Buggy ration      |       |       |       |     2 |       |     1 ||     3
       Buggy fruit       |       |       |       |     1 |       |       ||     1
Armor: Robe              |    41 |     7 |       |       |       |       ||    48
       Leather armour    |       |    40 |   112 |   107 |    22 |   161 ||   442
       Skin              |       |       |       |    10 |       |       ||    10
       Swamp dragon scal |       |       |       |     1 |   126 |       ||   127
Dodge: Dodged            |   157 |   124 |   255 |   406 |   686 |  1037 ||  2665
Block: Buckler           |       |       |       |    13 |   362 |   450 ||   825

Table legend:
 A = Spawn XP
 B = Non-spawn XP
 C = Spawn XP percentage of total XP
 D = Spawn monster count
 E = Non-spawn monster count
 F = Spawn count percentage of total count
 G = Total turns spent on level
                    A         B        C        D         E        F      G
               +---------+---------+-------+---------+---------+-------+---------
         Total |       0 |  215246 |   0.0 |       0 |    1030 |   0.0 | 31984
               +---------+---------+-------+---------+---------+-------+---------
           D:1 |       0 |      47 |   0.0 |       0 |      26 |   0.0 |  1394
           D:2 |       0 |      42 |   0.0 |       0 |      16 |   0.0 |   784
           D:3 |       0 |     200 |   0.0 |       0 |      46 |   0.0 |  1210
           D:4 |       0 |     239 |   0.0 |       0 |       4 |   0.0 |   583
           D:5 |       0 |     250 |   0.0 |       0 |      15 |   0.0 |   959
           D:6 |       0 |     453 |   0.0 |       0 |      13 |   0.0 |   886
           D:7 |       0 |    1398 |   0.0 |       0 |      29 |   0.0 |  1304
           D:8 |       0 |    1990 |   0.0 |       0 |      37 |   0.0 |  1648
           D:9 |       0 |    3434 |   0.0 |       0 |      39 |   0.0 |  1260
          D:10 |       0 |    3424 |   0.0 |       0 |      25 |   0.0 |  1668
          D:11 |       0 |    6172 |   0.0 |       0 |      32 |   0.0 |   733
          D:12 |       0 |    3096 |   0.0 |       0 |      33 |   0.0 |   449
          D:13 |       0 |   10388 |   0.0 |       0 |      55 |   0.0 |   903
          D:14 |       0 |   10631 |   0.0 |       0 |      30 |   0.0 |  1331
          D:15 |       0 |   12787 |   0.0 |       0 |      28 |   0.0 |   375
        Lair:1 |       0 |    2550 |   0.0 |       0 |      16 |   0.0 |  1564
        Lair:2 |       0 |    4182 |   0.0 |       0 |      24 |   0.0 |  1169
        Lair:3 |       0 |    6666 |   0.0 |       0 |      33 |   0.0 |   921
        Lair:4 |       0 |    7974 |   0.0 |       0 |      43 |   0.0 |  1169
        Lair:5 |       0 |    9731 |   0.0 |       0 |      29 |   0.0 |   862
        Lair:6 |       0 |   11456 |   0.0 |       0 |      58 |   0.0 |   966
       Swamp:1 |       0 |   13114 |   0.0 |       0 |      33 |   0.0 |   665
       Swamp:2 |       0 |   14886 |   0.0 |       0 |      36 |   0.0 |  1143
       Swamp:3 |       0 |   17250 |   0.0 |       0 |      49 |   0.0 |  1038
       Swamp:4 |       0 |   22719 |   0.0 |       0 |      64 |   0.0 |  1427
      Spider:1 |       0 |   18634 |   0.0 |       0 |      73 |   0.0 |  1624
      Spider:2 |       0 |    7412 |   0.0 |       0 |      24 |   0.0 |   241
         Orc:1 |       0 |    4818 |   0.0 |       0 |      43 |   0.0 |   602
         Orc:2 |       0 |   15968 |   0.0 |       0 |      47 |   0.0 |   727
       Ossuary |       0 |     628 |   0.0 |       0 |      15 |   0.0 |   547
         IceCv |       0 |    2707 |   0.0 |       0 |      15 |   0.0 |  1788
               +---------+---------+-------+---------+---------+-------+---------
